 Dungeon Crawl Stone Soup version 0.29-a0-91-gdebf4667c2 (webtiles) character file.

Game seed: 8347230665503288591

9 lordive the Bolt Thrower (level 2, 0/17 HPs)
             Began as a Kobold Hunter on Feb 7, 2022.
             Frozen to death by an endoplasm (4 damage)
             ... on level 1 of the Dungeon.
             The game lasted 00:01:01 (498 turns).

lordive the Bolt Thrower (Kobold Hunter)             Turns: 498, Time: 00:01:02

Health: 0/17       AC:  3    Str:  9    XL:     2   Next: 20%
Magic:  2/2        EV: 14    Int: 12    God:
Gold:   0          SH:  0    Dex: 15    Spells: 1/1 levels left

rFire   . . .      SeeInvis .   a - +1 hand crossbow
rCold   . . .      Faith    .   (no shield)
rNeg    . . .      Spirit   .   c - +0 leather armour
rPois   .          Reflect  .   (no helmet)
rElec   .          Harm     .   (no cloak)
rCorr   .          Rampage  .   (no gloves)
Will    .....                   (no boots)
Stlth   +++.......              (no amulet)
HPRegen 0.05/turn               (no ring)
MPRegen 0.08/turn               (no ring)

@: no status effects
A: small, no large weapons, nightstalker 3
a: no special abilities


You were on level 1 of the Dungeon.
You visited 1 branch of the dungeon, and saw 1 of its levels.

Inventory:

Hand Weapons
 a - a +1 hand crossbow (weapon)
 b - a +0 short sword
Missiles
 d - 19 bolts (quivered ammo)
Armour
 c - a +0 leather armour (worn)
Potions
 e - a potion of degeneration {unknown}


   Skills:
 + Level 2.1 Fighting
 + Level 5.2 Crossbows
 + Level 0.2 Armour
 + Level 2.5 Dodging
 + Level 1.3 Stealth


You had one spell level left.
You didn't know any spells.
Your spell library was empty.

Dungeon Overview and Level Annotations

Branches:
Dungeon (1/15)

Altars:


Innate Abilities, Weirdness & Mutations

You are small and have problems with some larger weapons.
You are completely attuned to the shadows.


Message History

The endoplasm closely misses you.
You barely miss the endoplasm. The endoplasm freezes you.
You are frozen.
You are too injured to fight recklessly!
You are too injured to fight recklessly!
You are too injured to fight recklessly!
You are too injured to fight recklessly!
You are too injured to fight recklessly!
You are too injured to fight recklessly!
You are too injured to fight recklessly!
You are too injured to fight recklessly!
You are too injured to fight recklessly!
You are too injured to fight recklessly!
You are too injured to fight recklessly!
You are too injured to fight recklessly!
You are too injured to fight recklessly!
You are too injured to fight recklessly!
Unknown command.
The endoplasm barely misses you. The jackal barely misses you.
A jackal comes into view.
The jackal bites you.
* * * LOW HITPOINT WARNING * * *
The endoplasm hits you.
* * * LOW HITPOINT WARNING * * *
The jackal bites you but does no damage.
Unknown command.
a - a +1 hand crossbow (weapon)
The jackal bites you but does no damage.
Fire: 20 bolts
Press: ? - help, Q - select action Shift-Dir - straight line, f - jackal
Aim: a jackal (60% to hit)
You shoot a bolt. The jackal barks!
The bolt hits the jackal!
You kill the jackal!
The endoplasm freezes you.
You are frozen.
You die...

...#.# #.# .# ...#.#
#.#..##
...†.####.#...#
#####.#...........##
#?...###.####......#
#..P...P#..........#
#..).P.P##.###.....##
#......PP.## #......#
_P....hJ@.# ##.#†...#
#P....PPPP# .........
#.....P.##...#...###.
#P......# .#.###.#
.P..###. # #.# #.#.##
#.# #..... #.###.#.##
#.......##
.#........÷


You could see an endoplasm and a jackal.

Vanquished Creatures
  An endoplasm (D:1)
  2 goblins (D:1)
  2 hobgoblins (D:1)
  A jackal (D:1)
  A ball python (D:1)
  A frilled lizard (D:1)
  A rat (D:1)
9 creatures vanquished.

Vanquished Creatures (others)
  A fungus (D:1)
1 creature vanquished.

Grand Total: 10 creatures vanquished

Notes
Turn   | Place    | Note
-------+----------+-------------------------------------------
     0 | D:1      | lordive the Kobold Hunter began the quest for the Orb.
     0 | D:1      | Reached XP level 1. HP: 12/12 MP: 1/1
    71 | D:1      | Reached skill level 5 in Crossbows
   436 | D:1      | Reached XP level 2. HP: 14/17 MP: 2/2
   484 | D:1      | Found a faded altar of an unknown god.
   498 | D:1      | Frozen to death by an endoplasm

Illustrated notes

Levels and vault maps discovered:
D:1:      sevenhm_arrival_forest_fort_small_5, layout_basic,
          shapermc_ecumenical_altar_gd, minmay_split_cup_large

Skill      XL: |  1 |
---------------+----+-----
Crossbows      | 5 |  5.2
Fighting       | |  2.1
Armour         | |  0.2
Dodging        | |  2.5
Stealth        | |  1.3

Action                   || total
-------------------------++-------
Melee: Short sword       ||    34
 Fire: Hand crossbow     ||     1
 Stab: Sleeping          ||     1
Armor: Leather armour    ||    11
Dodge: Dodged            ||    30

Table legend: (Time is in decaauts)
 A = Elapsed time spent in this place.
 B = Non-inter-level travel time spent in this place.
 C = Inter-level travel time spent in this place.
 D = Time resting spent in this place.
 E = Time spent auto-exploring this place.
 F = Levels seen in this place.
 G = Mean time per level.
                   A        B        C        D        E       F      G
               +--------+--------+--------+--------+--------+-----+--------+
         Total |    500 |    500 |      0 |    247 |    180 |   1 |  500.0 |
       Dungeon |    500 |    500 |      0 |    247 |    180 |   1 |  500.0 |
               +--------+--------+--------+--------+--------+-----+--------+

Top non-repeatable levels by time:
     D:1: 500 daAuts
